 Dungeon Crawl Stone Soup version 0.30.0-13-g156ef70053 (webtiles) character file.

Game seed: 11555541225226411995

298 Chibi the Magician (level 6, -6/29 HPs)
             Began as a Spriggan Ice Elementalist on May 17, 2023.
             Was a Believer of Ru.
             Killed from afar by an electric eel (11 damage)
             ... with a bolt of electricity
             ... on level 3 of the Dungeon.
             The game lasted 00:14:41 (3636 turns).

Chibi the Magician (Spriggan Ice Elementalist)      Turns: 3636, Time: 00:14:41

Health: -6/29      AC: 10    Str:  4    XL:     6   Next: 13%
Magic:  13/13      EV: 18    Int: 19    God:    Ru [**....]
Gold:   178        SH:  0    Dex: 15    Spells: 1/13 levels left

rFire   x x x        o - +2 dagger (venom)
rCold   x x .        (no shield)
rNeg    . . .        a - +0 robe
rPois   +            (helmet restricted)
rElec   .            (no cloak)
rCorr   .            (gloves unavailable)
SInv    +            (boots unavailable)
Will    +....        k - amulet of Elemental Vulnerability {rPois rF-- rC-- AC+8}
Stlth   +++          n - ring of ice
HPRegen 0.24/turn    (no ring)
MPRegen 0.13/turn

%: no passive effects
@: very quick
A: very small, no large weapons, unfitting armour, see invisible, speed 3,
temperature sensitive
a: Renounce Religion


You were on level 3 of the Dungeon.
You worshipped Ru.
Ru was pleased with you.
You visited 2 branches of the dungeon, and saw 5 of its levels.

You collected 351 gold pieces.
You spent 173 gold pieces at shops.

Inventory:

Hand Weapons
 o - a +2 dagger of venom (weapon)
 u - a +2 sling of freezing
Armour
 a - a +0 robe (worn)
Jewellery
 k - the amulet of Elemental Vulnerability (around neck) {rPois rF-- rC-- AC+8}
   (You found it on level 3 of the Dungeon)

   [amulet of nothing]

   AC:        It affects your AC (+8).
   rF:        It makes you very vulnerable to fire.
   rC:        It makes you very vulnerable to cold.
   rPois:     It protects you from poison.
 n - a ring of ice (left hand)
Wands
 w - a wand of flame (21)
Scrolls
 c - 2 scrolls of teleportation
 d - a scroll of blinking {unknown}
 f - 4 scrolls of vulnerability
 g - a scroll of fog {unknown}
 h - a scroll of amnesia
 l - a scroll of enchant weapon {unknown}
 p - a scroll of brand weapon {unknown}
 t - a scroll of immolation {unknown}
 v - a scroll of poison {unknown}
Potions
 b - a potion of magic
 e - a potion of mutation {unknown}
 i - a potion of flight {unknown}
 j - a potion of heal wounds {unknown}
 m - a potion of haste {unknown}
 q - a potion of attraction {unknown}
 r - a potion of curing
 s - a potion of lignification


   Skills:
 * Level 0.6 Fighting
 * Level 1.1 Short Blades
 * Level 1.1 Throwing
 * Level 0.5 Armour
 * Level 3.5 Dodging
 * Level 4.0 Stealth
 * Level 4.4 Spellcasting
 * Level 0.1 Hexes
 * Level 1.1 Necromancy
 + Level 0.1 Transmutations
 * Level 4.0 Ice Magic
 * Level 1.0 Air Magic
 * Level 1.2 Poison Magic
 * Level 0.1 Evocations


You had one spell level left.
You knew the following spells:

 Your Spells              Type           Power      Damage    Failure   Level
a - Freeze                Ice            100%       1d10      2%          1
b - Cigotuvi's Dreadful   Necr/Pois/Air  16%        N/A       13%         2
c - Frozen Ramparts       Ice            58%        1d9       8%          3
d - Ignite Poison         Fire/Tmut/Pois 5%         N/A       32%         3
e - Tukima's Dance        Hex            4%         N/A       36%         3

Your spell library contained the following spells:

 Spells                   Type           Power      Damage    Failure   Level
 Necrotise                Necr           32%        1d5       9%          1
 Apportation              Tloc           8%         N/A       13%         1
 Summon Small Mammal      Summ           16%        N/A       13%         1
 Ozocubu's Armour         Ice            29%        N/A       8%          3
 Sublimation of Blood     Necr           8%         N/A       12%         2
 Wereblood                Tmut           4%         N/A       19%         2
 Portal Projectile        Hex/Tloc       8%         N/A       36%         3
 Summon Ice Beast         Ice/Summ       17%        N/A       50%         4
 Leda's Liquefaction      Hex/Erth       2%         N/A       78%         4
 Freezing Cloud           Conj/Ice/Air   7%         6-21      88%         5
 Blade Hands              Tmut           2%         N/A       98%         5
 Lee's Rapid Deconstruct  Erth           2%         3d4*      98%         5
 Statue Form              Tmut/Erth      2%         N/A       100%        6
 Summon Hydra             Summ           2%         N/A       100%        7


Dungeon Overview and Level Annotations

Branches:
Dungeon (4/15)             Temple (1/1) D:4

Altars:
Ashenzari
Cheibriados
Fedhas
Gozag
Makhleb
Nemelex Xobeh
Okawaru
Qazlal
Ru
Sif Muna
Trog
Yredelemnul
The Shining One

Shops:
D:3 (   D:4 *

Annotations:
D:3 1 transporter


Innate Abilities, Weirdness & Mutations

You are very small and have problems with some larger weapons.
You are too small for most types of armour.
You have supernaturally acute eyesight. (SInv)
You cover ground extremely quickly. (Speed+++)
You are sensitive to extremes of temperature. (rF-, rC-)


Message History

Press: ? - help, Shift-Dir - straight line, f - electric eel
Aim: an electric eel (48% to hit)
The puff of flame hits the electric eel!
The electric eel is heavily wounded.
Aiming: Throw Flame
Press: ? - help, Shift-Dir - straight line, f/p - electric eel
Aim: an electric eel (steam, heavily wounded, 48% to hit)
The puff of flame hits the electric eel!
The electric eel is almost dead.
The electric eel is engulfed in a cloud of scalding steam.
You kill the electric eel!
You hear a splash.
Your Stealth skill increases to level 4!
You have reached level 6!
Aiming: Throw Flame
Press: ? - help, Shift-Dir - straight line
Okay, then.
You hit the plant.
The plant begins to die.
The plant is lightly damaged.
The electric eel shoots out a bolt of lightning at you!
The bolt of electricity hits you!
The bolt of electricity hits the plant! x2
You start resting.
A nearby plant withers and dies.
You start resting.
HP restored.
Okay, then.
The electric eel shoots out a bolt of lightning at you!
The bolt of electricity misses you. The bolt of electricity hits you!
There is an open door here.
Aiming: Throw Flame
Press: ? - help, Shift-Dir - straight line, f - electric eel
Aim: an electric eel (48% to hit)
The puff of flame misses the electric eel.
The electric eel is engulfed in a cloud of scalding steam.
The electric eel shoots out a bolt of lightning at you!
The bolt of electricity hits you! The bolt of electricity hits you.
* * * LOW HITPOINT WARNING * * *
The electric eel shoots out a bolt of lightning at you!
The bolt of electricity hits you!
You die...

#.# ######..##...#.... #.#
#............##### #.#
##.........#......)
#.###..........#.)###..
#.....©........##.###..
#..#######.........#...
#..#8.©.8#.........#..#
#..#~...P#...........##
#..###@###...........##
#..#S...S#............#
#..#~...†#.........#..#
#..#~...~#.........#...
#..#~.♣?~#.........#...
####..#~...~#.........#.#.
#..#..#~...~#.........#.#.
#.....#~...~#.............
#.....###+###.........#...


You could see 2 electric eels.

Vanquished Creatures
  An orc warrior (D:4)
  A scorpion (D:4)
  An electric eel (D:3)
  A sleepcap (D:4)
  3 adders
  A worm (D:2)
  5 orcs
  5 bats
  7 endoplasms
  5 goblins
  6 hobgoblins
  7 kobolds
  2 quokkas
  5 ball pythons
  2 frilled lizards
  2 rats
54 creatures vanquished.

Notes
Turn   | Place    | Note
-------+----------+-------------------------------------------
     0 | D:1      | Chibi the Spriggan Ice Elementalist began the quest for the
                  | Orb.
     0 | D:1      | Reached XP level 1. HP: 9/9 MP: 5/5
   261 | D:1      | Reached XP level 2. HP: 13/13 MP: 3/6
   269 | D:1      | Learned a level 2 spell: Cigotuvi's Dreadful Rot
   518 | D:3      | Found a burning altar of Makhleb.
   519 | D:3      | Found the amulet of Elemental Vulnerability {rPois rF--
                  | rC-- AC+8}
   898 | D:4      | Noticed a scorpion
   953 | D:3      | Found Neqabal's Weapon Boutique.
   965 | D:3      | Reached XP level 3. HP: 14/16 MP: 4/8
   969 | D:3      | Learned a level 3 spell: Frozen Ramparts
   978 | D:3      | Bought a +2 dagger of venom for 158 gold pieces
  1040 | D:4      | Killed a scorpion
  1041 | D:4      | Reached XP level 4. HP: 12/21 MP: 4/10
  1076 | D:4      | Noticed an orc warrior
  1131 | D:4      | Found a staircase to the Ecumenical Temple.
  1152 | D:4      | Learned a level 3 spell: Ignite Poison
  1156 | Temple   | Entered the Ecumenical Temple
  1241 | Temple   | Became a worshipper of Ru the Awakened
  1336 | D:4      | Killed an orc warrior
  1337 | D:4      | Reached skill level 1 in Short Blades
  1337 | D:4      | Reached skill level 1 in Necromancy
  1337 | D:4      | Reached skill level 1 in Poison Magic
  1337 | D:4      | Reached XP level 5. HP: 25/25 MP: 4/12
  1505 | D:4      | Reached skill level 1 in Throwing
  1529 | D:4      | Found Jaxul's CLEARANCE SALE!.
  1547 | D:4      | Bought a potion of lignification for 15 gold pieces
  2001 | D:3      | Found a transporter.
  2041 | D:3      | Found a transporter.
  2282 | D:2      | Found a faded altar of an unknown god.
  2441 | D:2      | Learned a level 3 spell: Tukima's Dance
  2456 | D:2      | Reached skill level 1 in Air Magic
  2902 | D:1      | Gained mutation: You are sensitive to extremes of
                  | temperature. (rF-, rC-) [Ru sacrifice]
  2902 | D:1      | Reached * piety under Ru
  2902 | D:1      | Reached ** piety under Ru
  3582 | D:3      | Reached XP level 6. HP: 29/29 MP: 13/13
  3636 | D:3      | Killed from afar by an electric eel

Illustrated notes

Levels and vault maps discovered:
D:1:      roderic_dead_forest, layout_basic
D:2:      layout_rooms, dreamdust_ecumenical_altar_grove, palyth_stone_intersect
D:3:      gammafunk_steamed_eel, layout_rooms, amcnicky_altar_gilded,
          serial_shops, nicolae_shop_tiny_statue_garden, st_stairs_4
D:4:      layout_basic, minmay_temple_entry_large_hall, nicolae_shop_clearance
Temple:   nicolae_temple_elliptical

Skill      XL: |  1  2  3  4  5 |
---------------+----------------+-----
Spellcasting   | 3 4 |  4.4
Dodging        | 3 |  3.5
Short Blades   | 1 |  1.1
Necromancy     | 1 |  1.1
Poison Magic   | 1 |  1.2
Throwing       | 1 |  1.1
Air Magic      | 1 |  1.0
Ice Magic      | 4 |  4.0
Stealth        | 4 |  4.0
Fighting       | |  0.6
Armour         | |  0.5
Hexes          | |  0.1
Transmutations | |  0.1
Evocations     | |  0.1

Action                     |  1- 3 |  4- 6 || total
---------------------------+-------+-------++-------
  Melee: Unarmed           |     2 |       ||     2
         Dagger            |     5 |    30 ||    35
  Throw: Boomerang         |    10 |       ||    10
         Dart              |       |     5 ||     5
   Cast: Freeze            |    34 |    13 ||    47
         Frozen Ramparts   |     1 |     2 ||     3
         Cigotuvi's Dreadf |     1 |       ||     1
         Ignite Poison     |       |     6 ||     6
 Invoke: Sacrifice Resista |       |     1 ||     1
  Evoke: Wand              |       |     3 ||     3
    Use: Scroll            |     3 |       ||     3
         Potion            |       |     1 ||     1
   Stab: Sleeping          |     1 |     2 ||     3
 Armour: Robe              |     8 |     7 ||    15
  Dodge: Dodged            |    32 |    20 ||    52
